 Dungeon Crawl Stone Soup version 0.20.1-1-g8b1a95d (webtiles) character file.

135 polve the Changer (level 5, -2/38 HPs)
             Began as a Merfolk Transmuter on Aug 6, 2017.
             Slain by Natasha (7 damage)
             ... on level 3 of the Dungeon.
             The game lasted 00:02:48 (4282 turns).

polve the Changer (Merfolk Transmuter)              Turns: 4282, Time: 00:02:49

Health: -2/38      AC:  2    Str: 10    XL:     5   Next: 18%
Magic:  4/8        EV: 19    Int: 14    God:
Gold:   138        SH:  0    Dex: 19    Spells: 2/8 levels left

rFire    . . .     SeeInvis .     - Unarmed
rCold    . . .     Gourm    .   (shield currently unavailable)
rNeg     . . .     Faith    .   (armour currently unavailable)
rPois    x         Spirit   .   (helmet currently unavailable)
rElec    .         Reflect  .   (cloak currently unavailable)
rCorr    .         Harm     .   (gloves currently unavailable)
MR       .....                  (boots currently unavailable)
Stlth    ++........             (no amulet)
Regen    0.2/turn               q - -2 ring of evasion (curse)
MPRegen  0.2/turn               (no ring)

@: spider-form
A: (change form in water), (swift swim), (stealthy swim)
a: End Transformation


You were on level 3 of the Dungeon.
You were very hungry.
You were a venomous arachnid creature.
You visited 1 branch of the dungeon, and saw 3 of its levels.

You collected 138 gold pieces.

Inventory:

Missiles
 a - 72 arrows (quivered)
Armour
 b - a +0 robe (melded)
 j - a +0 pair of gloves
 m - a +0 pair of boots
Jewellery
 q - a cursed -2 ring of evasion (left front leg)
Scrolls
 e - a scroll of remove curse {unknown}
 g - a scroll of magic mapping {unknown}
 i - a scroll of noise {unknown}
 l - a scroll of immolation
 n - a scroll of identify {unknown}
 p - a scroll of enchant weapon {unknown}
 r - a scroll of teleportation {unknown}
Potions
 h - a potion of lignification {unknown}
 k - 2 potions of flight {unknown}
 s - a potion of degeneration {unknown}
Books
 c - a book of Changes

   Spells                             Type                      Level
   a - Beastly Appendage              Transmutation                1
   b - Sticks to Snakes               Transmutation                2
   c - Spider Form                    Transmutation/Poison         3
   d - Ice Form                       Ice/Transmutation            4
   e - Blade Hands                    Transmutation                5
Comestibles
 d - 3 bread rations
 f - 3 fruits
 o - 2 royal jellies


   Skills:
 + Level 2.2 Fighting
 - Level 2.6 Dodging
 + Level 3.8 Unarmed Combat
 - Level 2.0 Spellcasting
 - Level 5.2 Transmutations
 - Level 2.0 Poison Magic


You had 2 spell levels left.
You knew the following spells:

 Your Spells              Type           Power        Failure   Level  Hunger
a - Beastly Appendage     Tmut           ###...       10%         1    ##.....
b - Sticks to Snakes      Tmut           ###.....     13%         2    ###....
c - Spider Form           Tmut/Pois      ##........   34%         3    ####...


Dungeon Overview and Level Annotations

Branches:
Dungeon (3/15)

Altars:
Nemelex Xobeh

Annotations:
D:3 Natasha


Message History

You kill the worker ant!
Your Fighting skill increases to level 2!
You have reached level 5!
You feel clever. Natasha casts a spell at you. You resist with some effort.
You closely miss Natasha. Natasha closely misses you.
You barely miss Natasha. You hit Natasha.
Natasha is poisoned.
Natasha is lightly wounded.
Natasha completely misses you.
You hit Natasha but do no damage.
Natasha looks as sick as possible!
Natasha is lightly wounded.
Natasha claws you!
* * * LOW HITPOINT WARNING * * *
You are feeling very hungry.
You barely miss Natasha.
Natasha is lightly wounded.
Natasha claws you!
You die...

##########.......#.# #.# #
#...#...#.#.#.# #.# #
#.#.#.#.#...#.# #.# #
#.#.#.#.#...#.# #.# #
#.#<#.#.#...#.# #.#
######.#....)......# #.#
#............#...#######.#
#.####.#...............#.#
#.####.#.#.###.#s#####.#.#
#....#.#.......h...#.#.#.#
#.##.#.#...###.#.#...#.#.#
#.#....#.......#.......#.#
..#....#..###..#.#.#.#.#.#
.......#..# #..#.#.#.#.#.#
..##.#.#..# #..#.#.#.#.#.#
.....#....# #..#.#.#.#.#.#
..##.########..#.#.#.#.#.#


You could see Natasha.

Vanquished Creatures
  Natasha (D:3)
  A worker ant (D:3)
  An adder (D:2)
  2 oozes (D:3)
  6 dart slugs
  2 leopard geckos
  3 giant cockroaches
  5 goblins
  5 hobgoblins
  7 jackals
  5 kobolds
  A ball python (D:2)
  7 bats
  2 frilled lizards
  6 rats
54 creatures vanquished.

Notes
Turn   | Place    | Note
-------+----------+-------------------------------------------
     0 | D:1      | polve the Merfolk Transmuter began the quest for the Orb.
     0 | D:1      | Reached XP level 1. HP: 15/15 MP: 3/3
     3 | D:1      | Noticed an electric eel
     3 | D:1      | Noticed an electric eel
    31 | D:1      | Reached skill level 3 in Transmutations
   364 | D:1      | Reached XP level 2. HP: 18/21 MP: 5/5
   368 | D:1      | Learned a level 2 spell: Sticks to Snakes
   666 | D:1      | Reached skill level 4 in Transmutations
   846 | D:1      | Reached XP level 3. HP: 26/26 MP: 6/6
   855 | D:1      | Learned a level 3 spell: Spider Form
  1687 | D:2      | Reached skill level 1 in Poison Magic
  2022 | D:2      | Reached skill level 5 in Transmutations
  2349 | D:2      | Reached XP level 4. HP: 29/32 MP: 5/7
  2613 | D:2      | Found a sparkling altar of Nemelex Xobeh.
  3391 | D:3      | Noticed Natasha
  3400 | D:3      | Killed Natasha
  4272 | D:3      | Noticed Natasha
  4277 | D:3      | Reached XP level 5. HP: 15/38 MP: 4/8
  4282 | D:3      | Slain by Natasha

Skill      XL: |  1  2  3  4 |
---------------+-------------+-----
Transmutations | 3 4 5 |  5.2
Poison Magic   | 1 2 |  2.0
Fighting       | 2 |  2.2
Dodging        | |  2.6
Unarmed Combat | |  3.8
Spellcasting   | |  2.0

Action                   |  1- 3 |  4- 6 || total
-------------------------+-------+-------++-------
Melee: Unarmed           |   122 |    88 ||   210
       Headbutt          |    12 |     4 ||    16
       Punch             |       |     1 ||     1
 Cast: Beastly Appendage |    18 |     9 ||    27
       Spider Form       |     1 |     4 ||     5
  Use: Scroll            |       |     1 ||     1
 Stab: Sleeping          |     1 |     1 ||     2
  Eat: Chunk             |     5 |     6 ||    11
Armor: Robe              |    15 |    19 ||    34
       Skin              |     2 |     1 ||     3
Dodge: Dodged            |    96 |    76 ||   172
